Description

Strong Economic basis for going for a macro ling bane game

Build Order

Get SALT Encoding   

  13  0:00  Drone  
  13  0:13  Overlord  
  14  0:17  Drone  
  14  0:18  Action Waypoint Overlord to Natural and then to the front of the Natural to scout for proxy/cannon  
  15  0:30  Drone x2 waypoint one to natural for hatchery  
  17  0:34  Drone  
  17  0:35  Action send drone to scout for early aggression (forge, 2 gas, early pool, no buildings)  
  17  0:52  Hatchery  
  17  0:55  Drone waypoint to extractor  
  18  0:59  Drone waypoint to spawning pool  
  17  1:09  Extractor  
  16  1:14  Spawning Pool  
  17  1:17  Drone  
  18  1:20  Drone  
  19  1:27  Drone  
  19  1:29  Action Move 3 drones from minerals to gas  
  19  1:38  Overlord  
  20  1:49  Drone  
  22  2:04  Zergling x2, Queen x2  
  27  2:10  Drone  
  28  2:16  Drone  
  29  2:22  Drone  
  30  2:25  Drone  
  30  2:26  Action send drone to 3rd for hatch  
  31  2:32  Drone  
  32  2:36  Drone  
  31  2:38  Hatchery  
  31  2:40  Action Injects  
  33  2:48  Queen from natural  
  33  2:55  Overlord timing tbc  
  35  2:58  Drone timing tbc  
  36  2:59  Drone timing tbc  
  36  3:04  Metabolic Boost timing tbc  
  36  3:12  Action inject  
  36  3:14  Lair timing tbc  
  36  3:23  Overlord x2 timing tbc  
  37  3:10  Drone timing tbc  
Spawning Tool Build Advisor. Get it on Overwolf

Go to:

Details

  • Created by: Jestah
  • Published on: Nov 23, 2023
  • Modified on: Nov 23, 2023
  • Patch: 5.0.11
  • Difficulty: Medium
Show
View Real Time Build Order
Export as new Build Order

Comments (0)

There are no comments. Be the first!

Create an account to comment!